 Dungeon Crawl Stone Soup version 0.31-a0-108-gdf935468f2 (webtiles) character file.

Game seed: 11563511805303957663

208 kae the Changer (level 5, -2/40 HPs)
             Began as a Draconian Transmuter on May 27, 2023.
             Slain by Grinder (3 damage)
             ... on level 3 of the Dungeon.
             The game lasted 00:02:42 (2922 turns).

kae the Changer (Draconian Transmuter)              Turns: 2922, Time: 00:02:43

Health: -2/40      AC:  2    Str: 13    XL:     5   Next: 55%
Magic:  7/9        EV: 19    Int: 15    God:
Gold:   161        SH:  0    Dex: 16    Spells: 0/10 levels left

rFire   . . .        b - melded +0 short sword (venom)
rCold   . . .        (shield currently unavailable)
rNeg    . . .        (body armour unavailable)
rPois   x            (helmet currently unavailable)
rElec   .            (cloak currently unavailable)
rCorr   .            (gloves currently unavailable)
SInv    .            (boots currently unavailable)
Will    .....        (no amulet)
Stlth   +            (no ring)
HPRegen 0.26/turn    (no ring)
MPRegen 0.11/turn

%: no passive effects
@: spider-form (expiring)
A: venomous fangs, AC +5, tiny, unfitting armour, (cold-blooded)
a: End Transformation


You were on level 3 of the Dungeon.
You were a venomous arachnid creature.
You visited 1 branch of the dungeon, and saw 3 of its levels.

You collected 161 gold pieces.


Innate Abilities, Weirdness & Mutations

You are a venomous arachnid creature.
You have venomous fangs.
You are tiny and dextrous.
Your spellcasting is less reliable in this form.
Your armour is entirely melded.
You are incapable of wielding weapons or throwing items.
((Your plain brown scales are hard. (AC +5)))
You cannot fit into any form of body armour.
((You are cold-blooded and may be slowed by cold attacks.))


   Skills:
 - Level 1.1 Fighting
 - Level 1.7 Dodging
 - Level 3.0 Unarmed Combat
 + Level 3.2 Spellcasting
 * Level 4.5 Transmutations
 * Level 1.0 Ice Magic
 - Level 1.6 Poison Magic


You couldn't memorise any spells.
You knew the following spells:

 Your Spells              Type           Power      Damage    Failure   Level
a - Beastly Appendage     Tmut           32%        N/A       11%         1
b - Wereblood             Tmut           16%        N/A       14%         2
c - Spider Form           Tmut/Pois      11%        N/A       36%         3
d - Ice Form              Ice/Tmut       10%        N/A       75%         4

Your spell library contained the following spells:

 Spells                   Type           Power      Damage    Failure   Level
 Magic Dart               Conj           8%         1d3       41%         1
 Poisonous Vapours        Pois/Air       8%         N/A       43%         2
 Blink                    Tloc           4%         N/A       52%         2
 Call Imp                 Summ           4%         N/A       52%         2
 Lesser Beckoning         Tloc           4%         N/A       52%         2
 Momentum Strike          Conj/Tloc      4%         3d8       52%         2
 Mephitic Cloud           Conj/Pois/Air  4%         N/A       65%         3
 Passage of Golubria      Tloc           2%         N/A       97%         4
 Silence                  Hex/Air        1%         N/A       100%        5
 Lehudib's Crystal Spear  Conj/Erth      1%         10d2      100%        8
 Necromutation            Tmut/Necr      4%         N/A       100%        8

Inventory:

Hand Weapons
 b - a +0 short sword of venom (melded)
   (You found it on level 1 of the Dungeon)
Missiles
 c - 18 stones
 l - 2 poisoned darts
 o - 4 curare-tipped darts {=f}
Jewellery
 E - a +5 ring of evasion
   (You found it on level 3 of the Dungeon)
Wands
 r - a wand of flame (6)
   (You found it on level 3 of the Dungeon)
Scrolls
 d - a scroll of enchant weapon {unknown}
 e - 5 scrolls of blinking {unknown}
 f - 2 scrolls of identify {unknown}
 g - a scroll of amnesia {unknown}
 h - a scroll of fog {unknown}
 i - 2 scrolls of noise {unknown}
 j - a scroll of teleportation {unknown}
 q - a scroll of immolation {unknown}
Potions
 a - a potion of lignification {!q}
 k - 3 potions of curing {unknown}
 m - a potion of cancellation {unknown}
 n - a potion of magic {unknown}
 p - a potion of haste {unknown}

Dungeon Overview and Level Annotations

Branches:
Dungeon (3/15) Zot: 15072

Altars:
Nemelex Xobeh

Shops:
D:1 *

Annotations:
D:2 1 runed translucent door, Crazy Yiuf
D:3 Grinder

####
#........##.ยง..ยง####
#... ####.######...###
#... #.# ##.## #... ###
#+# #.# #... ..# ... #.#
#### #.# .... #.### #...
..# ..... #.#.## #.##
..####
......###....########.##
...<.+
.....S5s................
..####
.....g##.....###.####.##
.## ..... ##....## #.#
#.## ## .... #......#
#.# #.## # ... ##.#.#.#
#.# #... # #+# #..##.#
#.# #### # #.#
#.###.###.# # # #.#
#.........# # # ##.##
#####.##### #


You could see Grinder (poisoned), a goblin and a ball python.


Message History

The orc shouts!
There is an open door here.
Found a stone staircase leading down.
An orc is nearby!
The orc hits you with a +0 short sword.
You closely miss the orc. Your punch misses the orc.
The orc hits you but does no damage.
An orc is nearby! ๐Ÿ˜• HP[-2]
You take 2 damage, and now have 38/40 hp.
You hit the orc but do no damage. The orc barely misses you.
You closely miss the orc. The orc hits you but does no damage.
An orc is nearby! ๐Ÿ˜• HP[+1]
You hit the orc.
The orc is poisoned.
The orc barely misses you.
You closely miss the orc.
Your tail-slap misses the orc.
You kill the orc!
Things that are here:
a +0 short sword; an orc corpse
There is a stone staircase leading down here.
There is a stone staircase leading down here.
A hobgoblin comes into view.
The hobgoblin shouts! ๐Ÿ˜Ž HP[+1]
Your hp is fully restored (40).
A hobgoblin is nearby!
The hobgoblin barely misses you.
You hit the hobgoblin.
The hobgoblin is poisoned.
The hobgoblin completely misses you.
A hobgoblin is nearby!
A hobgoblin is nearby!
A hobgoblin is nearby!
You hit the hobgoblin.
You kill the hobgoblin!
Your Ice Magic skill increases to level 1!
No target in view!
You now have 161 gold pieces (gained 10).
Things that are here:
a +0 robe; a hobgoblin corpse
There is a stone staircase leading down here.
Key pressed, stopping explore.
No target in view!
No target in view!
Key pressed, stopping explore.
No target in view!
No target in view!
Key pressed, stopping explore.
No target in view!
No target in view!
You open the door.
Grinder, a goblin and a ball python come into view.
Grinder shouts!
The goblin shouts!
The ball python hisses angrily.
Casting: Beastly Appendage (safe; 3% risk of failure)
Confirm with . or Enter, or press ? or * to list all spells.
The spell is quite dangerous to miscast (17% risk of failure)!
Continue anyway? [Y]es or [N]o only, please.
The spell is quite dangerous to miscast (17% risk of failure)!
Continue anyway?
You turn into a venomous arachnid creature.
Your +0 short sword of venom melds into your body.
Your +0 short sword of venom stops dripping with poison.
Grinder misses you. ๐Ÿ˜Ž MP[-3]
You lost 3 mp, and now have 6/9 mp.
Unknown command.
You hit Grinder but do no damage. Grinder gestures at you.
You suddenly lose the ability to move!
Grinder gestures at you. You resist with significant effort.
Grinder says, "Are you a fish?" Grinder hits you!
You writhe in agony.
Grinder completely misses you.
You can move again.
You hit Grinder but do no damage.
Grinder is poisoned. ๐Ÿ˜ฎ HP[-11]
You take 11 damage, and now have 29/40 hp.
MASSIVE DAMAGE!! (PAUSE)
You hit Grinder.
Your transformation is almost over.
Grinder barely misses you. ๐Ÿ˜ฎ HP[+1] Unknown command.
You hit Grinder but do no damage. Grinder gestures at you.
Pain shoots through your body!
* * * LOW HITPOINT WARNING * * *
๐Ÿ˜จ HP[-11]
You take 11 damage, and now have 19/40 hp.
MASSIVE DAMAGE!! (PAUSE)
You hit Grinder. Grinder hits you!
* * * LOW HITPOINT WARNING * * *
You writhe in agony.
* * * LOW HITPOINT WARNING * * *
๐Ÿ˜ฑ HP[-12] MP[+1]
You take 12 damage, and now have 7/40 hp.
MASSIVE DAMAGE!! (PAUSE)
You hit Grinder. Grinder hits you.
* * * LOW HITPOINT WARNING * * *
You writhe in agony.
You die...

Skill      XL: |  1  2  3  4  5 |
---------------+----------------+-----
Transmutations | 3 4 |  4.5
Poison Magic   | 1 |  1.6
Spellcasting   | 3 |  3.2
Ice Magic      | 1 |  1.0
Fighting       | |  1.1
Dodging        | |  1.7
Unarmed Combat | |  3.0

Action                     |  1- 3 |  4- 6 || total
---------------------------+-------+-------++-------
  Melee: Unarmed           |    26 |    25 ||    51
         Kick              |    21 |    16 ||    37
         Short sword       |    84 |    78 ||   162
         Headbutt          |    13 |     8 ||    21
         Tailslap          |     9 |     4 ||    13
         Punch             |       |     3 ||     3
   Cast: Beastly Appendage |    21 |    17 ||    38
         Spider Form       |     1 |     4 ||     5
   Stab: Sleeping          |     1 |       ||     1
 Armour: Skin              |    38 |    22 ||    60
  Dodge: Dodged            |    73 |    67 ||   140

Levels and vault maps discovered:
D:1:      zelgadis_glass_arrival_small, layout_basic, serial_shops, shop,
          minivault_5, chequers_serial_rivers_small_a
D:2:      layout_loops_ring, uniq_crazy_yiuf_cottage, uniq_terence, uniq_natasha
D:3:      layout_loops_corners, lemuel_doored_altar,
          ebering_ecumenical_altar_mist, uniq_grinder

Notes
Turn   | Place    | Note
-------+----------+-------------------------------------------
     0 | D:1      | kae the Draconian Transmuter began the quest for the Orb.
     0 | D:1      | Reached XP level 1. HP: 16/16 MP: 3/3
     0 | D:1      | magus.rc [v1.11.3]
    17 | D:1      | You pick up a book of the Moon and begin reading...
    17 | D:1      | You add the spells Passage of Golubria, Silence and
                  | Lehudib's Crystal Spear to your library.
   155 | D:1      | Reached XP level 2. HP: 22/23 MP: 3/5
   260 | D:1      | Learned a level 2 spell: Wereblood
   330 | D:1      | Reached skill level 3 in Transmutations
   502 | D:1      | You pick up a book of Spatial Translocations and begin
                  | reading...
   502 | D:1      | You add the spells Blink, Momentum Strike and Lesser
                  | Beckoning to your library.
   513 | D:1      | Found Vare's Assorted Antiques.
   519 | D:1      | Reached XP level 3. HP: 17/28 MP: 4/6
   710 | D:1      | You pick up a book of Minor Magic and begin reading...
   710 | D:1      | You add the spells Magic Dart, Call Imp and Mephitic Cloud
                  | to your library.
   716 | D:1      | You add the spells Poisonous Vapours and Necromutation to
                  | your library.
   716 | D:1      | Got the Codex of Meteoric Cadavers
   811 | D:1      | Learned a level 3 spell: Spider Form
  1056 | D:2      | Noticed Terence
  1072 | D:2      | HP: 6/28 [Terence/+0 mace (6)]
  1075 | D:2      | Killed Terence
  1076 | D:2      | Reached skill level 1 in Poison Magic
  1076 | D:2      | Reached XP level 4. HP: 8/35 MP: 5/8
  1536 | D:2      | Noticed Natasha
  1548 | D:2      | Killed Natasha
  1549 | D:2      | Reached skill level 3 in Spellcasting
  1549 | D:2      | Reached skill level 4 in Transmutations
  1727 | D:2      | Noticed Natasha
  1735 | D:2      | Killed Natasha
  1736 | D:2      | Reached XP level 5. HP: 22/40 MP: 5/9
  2032 | D:2      | Found a runed translucent door.
  2033 | D:2      | Noticed Crazy Yiuf
  2082 | D:3      | Learned a level 4 spell: Ice Form
  2312 | D:3      | Found a sparkling altar of Nemelex Xobeh.
  2603 | D:3      | Found a faded altar of an unknown god.
  2871 | D:3      | Reached skill level 1 in Ice Magic
  2912 | D:3      | Noticed Grinder
  2914 | D:3      | Paralysed by Grinder for 4 turns
  2921 | D:3      | HP: 7/40 [Grinder (5)]
  2922 | D:3      | HP: 1/40 [Grinder (6)]
  2922 | D:3      | Slain by Grinder

Vanquished Creatures
  Terence (D:2)
  Natasha (twice) (D:2)
  5 adders
  2 worms (D:2)
  2 orcs (D:3)
  6 bats
  10 endoplasms
  2 giant cockroaches (D:1)
  6 goblins
  11 hobgoblins
  7 jackals
  8 kobolds
  2 quokkas (D:2)
  3 ball pythons
  A frilled lizard (D:2)
  4 rats
72 creatures vanquished.

Table legend:
 A = Non-vault XP
 B = Vault XP
 C = Vault XP percentage of total XP
 D = Non-vault monster count
 E = Vault monster count
 F = Vault count percentage of total count
                 A         B        C        D         E       F
            +---------+---------+-------+---------+---------+-------
      Total |     223 |      75 |  25.2 |      70 |       2 |   2.8
            +---------+---------+-------+---------+---------+-------
        D:1 |      49 |       0 |   0.0 |      28 |       0 |   0.0
        D:2 |     103 |      75 |  42.1 |      24 |       2 |   7.7
        D:3 |      71 |       0 |   0.0 |      18 |       0 |   0.0
            +---------+---------+-------+---------+---------+-------

Skill      XL: |  1  2  3  4  5 |
---------------+----------------+-----
Transmutations | 3 4 |  4.5
Poison Magic   | 1 |  1.6
Spellcasting   | 3 |  3.2
Ice Magic      | 1 |  1.0
Fighting       | |  1.1
Dodging        | |  1.7
Unarmed Combat | |  3.0

Action                     |  1- 3 |  4- 6 || total
---------------------------+-------+-------++-------
  Melee: Unarmed           |    26 |    25 ||    51
         Kick              |    21 |    16 ||    37
         Short sword       |    84 |    78 ||   162
         Headbutt          |    13 |     8 ||    21
         Tailslap          |     9 |     4 ||    13
         Punch             |       |     3 ||     3
   Cast: Beastly Appendage |    21 |    17 ||    38
         Spider Form       |     1 |     4 ||     5
   Stab: Sleeping          |     1 |       ||     1
 Armour: Skin              |    38 |    22 ||    60
  Dodge: Dodged            |    73 |    67 ||   140

Illustrated notes

Table legend:
 A = Kills in this place as a percentage of kills in the entire game.
 B = Kills by you in this place as a percentage of kills by you in the entire game.
 C = Kills by friends in this place as a percentage of kills by friends in the entire game.
 D = Other kills in this place as a percentage of other kills in the entire game.
 E = Experience gained in this place as a percentage of experience gained in the entire game.
 F = Experience gained in this place divided by the number of levels of this place that you have seen.
                   A       B       C       D       E      F
               +-------+-------+-------+-------+-------+----------------------
         Total | 100.0 | 100.0 |   N/A |   N/A | 100.0 |  99.3
       Dungeon | 100.0 | 100.0 |   N/A |   N/A | 100.0 |  99.3
               +-------+-------+-------+-------+-------+----------------------

Table legend: (Time is in decaauts)
 A = Elapsed time spent in this place.
 B = Non-inter-level travel time spent in this place.
 C = Inter-level travel time spent in this place.
 D = Time resting spent in this place.
 E = Time spent auto-exploring this place.
 F = Levels seen in this place.
 G = Mean time per level.
                   A        B        C        D        E       F      G
               +--------+--------+--------+--------+--------+-----+--------+
         Total |   2927 |   2867 |     60 |      0 |   2331 |   3 |  975.7 |
       Dungeon |   2927 |   2867 |     60 |      0 |   2331 |   3 |  975.7 |
               +--------+--------+--------+--------+--------+-----+--------+

Top non-repeatable levels by time:
     D:2: 1246 daAuts
     D:3: 847 daAuts
     D:1: 833 daAuts
